 Dungeon Crawl Stone Soup version 0.29.1-13-g9f3cf754e1 (webtiles) character file.

Game seed: 16638536523493459227

276008 solar the Victor of a Thousand Battles (level 20, -1/145 HPs)
             Began as a Gargoyle Fighter on Feb 4, 2023.
             Was the Champion of Okawaru.
             Slain by a very large slime creature (25 damage)
             ... on level 4 of the Pits of Slime.
             The game lasted 03:47:56 (38923 turns).

solar the Victor of a Thousand Battles (GrFi)      Turns: 38923, Time: 03:47:57

Health: -1/145     AC: 47    Str: 45    XL:     20   Next: 36%
Magic:  30/44      EV: 10    Int: 18    God:    Okawaru [******]
Gold:   1456       SH: 11    Dex: 20    Spells: 21/27 levels left

rFire   + . .      SeeInvis .   B - +6 broad axe "Ytovemuh" {holy, +Blink rPois rCorr Stlth-}
rCold   + . .      Faith    .   u - +3 warlock's mirror {reflect}
rNeg    + + .      Spirit   .   F - +6 pearl dragon scales "Zionamos" {Contam *Corrode rF+ rN+ Str+8 Int+9}
rPois   ∞          Reflect  +   G - +1 helmet {Int+3}
rElec   +          Harm     .   P - +2 cloak {Stlth+}
rCorr   +          Rampage  .   n - +3 pair of gauntlets of War {Slay+5}
Will    +....                   O - +1 pair of boots of the Tormentor {rElec Str+8}
Stlth   ..........              W - amulet of Attitude {Regen+ Str+7 Int-4 Dex+5}
HPRegen 1.14/turn               o - ring of resist corrosion
MPRegen 0.29/turn               h - ring of Ymeqoh {rC+ MP+9 AC+4 Dex+4}

@: engulfed, corroded, on berserk cooldown, flying, hasted and slowed, studying
Staves
A: sickness immunity, AC +15, big wings, negative energy resistance 1,
electricity resistance, torment resistance 1, petrification resistance, dopey 2,
high MP 1, robust 1, screaming 1, subdued magic 1
}: 2/15 runes: decaying, serpentine
a: Renounce Religion, Evoke Blink, Heroism, Finesse, Duel


You were on level 4 of the Pits of Slime.
You worshipped Okawaru.
Okawaru was exalted by your worship.
You visited 7 branches of the dungeon, and saw 35 of its levels.
You also visited: Bailey, Gauntlet and Ice Cave.

You collected 3307 gold pieces.
You spent 1851 gold pieces at shops.

Inventory:

Hand Weapons
 t - the +6 halberd "Zeganom" {venom, *Slow Fly Int+8 SInv}
   (You took it off a nagaraja on level 3 of the Snake Pit)

   It poisons the flesh of those it strikes.
   Int:       It affects your intelligence (+8).
   SInv:      It lets you see invisible.
   Fly:       It grants you flight.
   *Slow:     It may slow you when you take damage.
 B - the +6 broad axe "Ytovemuh" (weapon) {holy, +Blink rPois rCorr Stlth-}
   (Okawaru gifted it to you on level 4 of the Swamp)

   It has been blessed by the Shining One to cause great damage to the undead
   and demons.
   rPois:     It protects you from poison.
   +Blink:    It lets you blink.
   rCorr:     It protects you from acid and corrosion.
   Stlth:     It makes you less stealthy.
 I - the +8 Wrath of Trog {antimagic, *Rage Rampage}
   (You acquired it on level 4 of the Swamp)

   It reduces the magical energy of the wielder, and disrupts the spells and
   magical abilities of those it strikes.
   Natural abilities and divine invocations are not affected.
   It causes slowness and exhaustion when equipped.
   It extends the wielder's berserk rage when killing foes.
   *Rage:     It berserks you when you make melee attacks (+50% chance).
   Rampage:   It bestows one free step when moving towards enemies.
 J - the +9 battleaxe of the Freezing Sybil {vorpal, rF+ Dex+4}
   (Okawaru gifted it to you on level 12 of the Dungeon)

   It inflicts extra damage upon your enemies.
   Dex:       It affects your dexterity (+4).
   rF:        It protects you from fire.
 V - the +9 eveningstar of Woe {drain, rF+}
   (Okawaru gifted it to you on level 1 of the Snake Pit)

   A truly terrible weapon, it drains the life of any living foe it strikes.
   rF:        It protects you from fire.
 Y - the +5 broad axe "Orb Guardian's Death" {freeze, rF+}
   (You took it off a minotaur in a Gauntlet)

   It freezes those it strikes, dealing additional cold damage.
   It can also slow down cold-blooded creatures.
   rF:        It protects you from fire.
Missiles
 A - 17 boomerangs of dispersal
Armour
 n - the +3 pair of gauntlets of War (worn) {Slay+5}
   (Okawaru gifted it to you on level 4 of the Snake Pit)

   Slay:      It affects your accuracy & damage with ranged weapons and melee
   (+5).
 u - the +3 warlock's mirror (worn) {reflect}
   (You found it in a bailey)

   It can block and reflect piercing ranged attacks and magical attacks against
   the wielder's willpower.
 F - the +6 pearl dragon scales "Zionamos" (worn) {Contam *Corrode rF+ rN+ Str+8 Int+9}
   (You bought it in a shop on level 8 of the Dungeon)

   Str:       It affects your strength (+8).
   Int:       It affects your intelligence (+9).
   rF:        It protects you from fire.
   rN:        It protects you from negative energy.
   Contam:    It causes magical contamination when unequipped.
   *Corrode:  It may corrode you when you take damage.
 G - a +1 helmet of intelligence (worn)
 N - a +2 tower shield of poison resistance
 O - the +1 pair of boots of the Tormentor (worn) {rElec Str+8}
   (You found it on level 11 of the Dungeon)

   Str:       It affects your strength (+8).
   rElec:     It insulates you from electricity.
 P - a +2 cloak of stealth (worn)
Jewellery
 h - the ring of Ymeqoh (right hand) {rC+ MP+9 AC+4 Dex+4}
   (You found it in an ice cave)

   [ring of protection]

   AC:        It affects your AC (+4).
   Dex:       It affects your dexterity (+4).
   rC:        It protects you from cold.
   MP:        It affects your magic capacity (+9).
 k - a ring of fire
 o - a ring of resist corrosion (left hand)
 C - a +4 ring of protection
 K - the ring of Iggan {Will+ MP+9 Str+6}
   (You found it in a Gauntlet)

   [ring of magical power]

   Str:       It affects your strength (+6).
   MP:        It affects your magic capacity (+9).
   Will:      It increases your willpower.
 W - the amulet of Attitude (around neck) {Regen+ Str+7 Int-4 Dex+5}
   (You found it in an ice cave)

   [amulet of regeneration]

   Str:       It affects your strength (+7).
   Int:       It affects your intelligence (-4).
   Dex:       It affects your dexterity (+5).
   Regen:     It increases your rate of health regeneration.
Wands
 b - a wand of digging (6)
 g - a wand of flame (27)
 i - a wand of iceblast (5)
 r - a wand of mindburst (17)
 v - a wand of polymorph (8)
 E - a wand of light (28)
Scrolls
 a - a scroll of brand weapon
 c - a scroll of amnesia
 e - 8 scrolls of magic mapping
 f - 12 scrolls of teleportation
 j - 6 scrolls of immolation
 l - a scroll of blinking
 m - 2 scrolls of fog
 p - 7 scrolls of fear
 s - 3 scrolls of poison
 w - a scroll of silence
 x - a scroll of enchant weapon
 y - 2 scrolls of enchant armour
 U - 6 scrolls of identify
Potions
 d - 5 potions of magic
 q - a potion of mutation
 z - 3 potions of attraction
 H - 6 potions of might
 L - 2 potions of curing
 M - 2 potions of haste
 S - 2 potions of ambrosia
 T - a potion of berserk rage
Miscellaneous
 R - a condenser vane
 X - a tin of tremorstones (2/2)
 Z - a lightning rod (4/4)


   Skills:
 + Level 16.4 Fighting
 + Level 16.4 Axes
 + Level 6.5 Staves
 + Level 14.5 Armour
 + Level 12.9 Shields
 + Level 4.3 Spellcasting
 + Level 5.2 Conjurations
 + Level 2.9 Translocations
 + Level 7.4 Transmutations
 - Level 7.3 Ice Magic
 + Level 6.0 Earth Magic
 - Level 17.0 Invocations
 + Level 12.0 Evocations


You had 21 spell levels left.
You knew the following spells:

 Your Spells              Type           Power      Damage    Failure   Level
a - Ozocubu's Armour      Ice            23%        N/A       2%          3
b - Beastly Appendage     Tmut           46%        N/A       1%          1
c - Wereblood             Tmut           23%        N/A       1%          2

Your spell library contained the following spells:

 Spells                   Type           Power      Damage    Failure   Level
 Freeze                   Ice            92%        1d10      1%          1
 Frozen Ramparts          Ice            46%        1d7       2%          3
 Shock                    Conj/Air       40%        1d5       7%          1
 Ice Form                 Ice/Tmut       23%        N/A       10%         4
 Petrify                  Tmut/Erth      21%        N/A       13%         4
 Spider Form              Tmut/Pois      13%        N/A       14%         3
 Hailstorm                Conj/Ice       20%        3d6       16%         4
 Conjure Flame            Conj/Fire      10%        6-21      22%         3
 Ignite Poison            Fire/Tmut/Pois 9%         N/A       24%         3
 Blade Hands              Tmut           11%        N/A       28%         5
 Portal Projectile        Hex/Tloc       14%        N/A       34%         3
 Iskenderun's Mystic Bla  Conj/Tloc      14%        2d5       38%         4
 Lee's Rapid Deconstruct  Erth           9%         3d8*      47%         5
 Inner Flame              Hex/Fire       3%         N/A       54%         3
 Swiftness                Air            3%         N/A       54%         3
 Fulminant Prism          Conj/Hex       5%         3d7       61%         4
 Sticky Flame             Conj/Fire      10%        2d3       61%         4
 Alistair's Intoxication  Tmut/Pois      8%         N/A       80%         5
 Metabolic Englaciation   Hex/Ice        6%         N/A       80%         5
 Borgnjor's Vile Clutch   Necr/Erth      5%         N/A       88%         5
 Airstrike                Air            1%         2d(1-17)  92%         4
 Cause Fear               Hex            1%         N/A       92%         4
 Eringya's Noxious Bog    Tmut/Pois      6%         N/A       100%        6
 Orb of Destruction       Conj           8%         9d6       100%        7
 Ozocubu's Refrigeration  Ice            11%        4d10      100%        7
 Storm Form               Tmut/Air       6%         N/A       100%        7
 Discord                  Hex            1%         N/A       100%        8
 Maxwell's Capacitive Co  Air            1%         ∞         100%        8
 Summon Ice Beast         Ice/Summ       Unusable   N/A       N/A         4
 Summon Guardian Golem    Hex/Summ       Unusable   N/A       N/A         3
 Tukima's Dance           Hex            Unusable   N/A       N/A         3
 Summon Lightning Spire   Summ/Air       Unusable   N/A       N/A         4
 Statue Form              Tmut/Erth      Unusable   N/A       N/A         6
 Simulacrum               Ice/Necr       Unusable   N/A       N/A         6
 Spellforged Servitor     Conj/Summ      Unusable   N/A       N/A         7

Dungeon Overview and Level Annotations

Branches:
Dungeon (14/15)            Temple (1/1) D:5            Lair (5/5) D:8
  Swamp (4/4) Lair:2        Snake (4/4) Lair:2        Slime (5/5) Lair:5
    Orc (2/2) D:10            Elf (0/3) Orc:2        Vaults (0/5) D:13
 Bailey (visited)           IceCv (visited)         Gauntlet (visited)

Altars:
Ashenzari
Cheibriados
Dithmenos
Fedhas
Gozag
Kikubaaqudgha
Nemelex Xobeh
Okawaru
Qazlal
Sif Muna
Trog
Uskayaw
Vehumet
Wu Jian
Xom
Zin
The Shining One
Jiyva

Shops:
D:3 [   D:8 [   D:11 ?   Orc:1 ?   Orc:2 *(:[   Snake:2 (=   Snake:3 (

Annotations:
D:3 exclusion: statue
Slime:5 Royal Jelly


Innate Abilities, Weirdness & Mutations

You are immune to sickness and miasma.
Your stone body is resilient. (AC +15)
You are immune to poison.
Your large and strong wings let you fly.
You resist negative energy. (rN+)
You are resistant to electric shocks. (rElec)
You are resistant to unholy torment.
You are immune to petrification.
You are very dopey. (Int -4)
You have an increased reservoir of magic. (+10% MP)
You are robust. (+10% HP)
You occasionally shout uncontrollably at your foes.
Your spells are a little easier to cast, but a little less powerful.


Message History

The quicksilver ooze misses you.
The quicksilver ooze hits you but does no damage.
You feel a strong urge to attack something.
The ooze engulfing you falls away. The acid blob spits acid at you.
The splash of acid hits you but does no damage.
The rockslime closely misses you.
There is a stone staircase leading up here.
You feel your anger nearly subside.
You are no longer berserk.
You are exhausted.
You feel yourself slow down. The quicksilver ooze hits you.
The quicksilver ooze hits you but does no damage.
The rockslime hits you but does no damage.
You fly upwards.
The slime creature quivers. x14
The slime creature hits you.
* * * LOW HITPOINT WARNING * * *
Two slime creatures merge to form a large slime creature.
The slime creature hits you.
* * * LOW HITPOINT WARNING * * *
The slime creature hits you!
* * * LOW HITPOINT WARNING * * *
There is a stone staircase leading down here.
You are more confused.
You feel invigorated. The quicksilver ooze hits you.
The quicksilver ooze closely misses you.
The rockslime hits you.
* * * LOW HITPOINT WARNING * * *
You hold your ground!
The quicksilver ooze hits you. The quicksilver ooze engulfs you!
The quicksilver ooze hits you but does no damage.
The rockslime misses you.
The slime creature hits you but does no damage. x2
Two slime creatures merge to form a very large slime creature.
You feel better.
You feel less invigorated. The rockslime closely misses you.
The quicksilver ooze hits you. The quicksilver ooze barely misses you.
The rockslime closely misses you.
The rockslime hits you but does no damage.
The very large slime creature hits you!!
You die...

..#..#...# ####
....###.###..........#
.....# ###...........#
.....# #.......... ##
....## ##......... ..#
#....# #....J....#..#.
###.## .#.............
## ......JJJ......
#.J@J......
....J.JJJ......
........JJ.J...
...............
.#.#.#JJ..#.... #
####........ #J.......
##....##.


You could see a very large slime creature, 12 slime creatures, 2 rockslimes and
a quicksilver ooze.

Vanquished Creatures
  Dissolution (Slime:4)
  Mara (Swamp:4)
  A golden dragon (IceCv)
  2 tentacled monstrosities
  12 acid blobs
  Gastronok (Lair:1)
  Agnes (Snake:1)
  Roxanne (Snake:4)
  Donald (Swamp:3)
  13 nagarajas
  5 azure jellies
  7 rockslimes
  Aizul (Swamp:3)
  The ghost of Voland the Devastator, a journeyman TeAE of Sif Muna (Swamp:2)
  2 orc warlords (Orc:2)
  Louise (Snake:1)
  A very ugly thing (Swamp:4)
  5 quicksilver oozes
  A minotaur (Gauntlet)
  3 eleionomae
  A dire elephant (Lair:3)
  5 bunyips
  2 green deaths (Swamp:4)
  The ghost of Jirphamp the Severer, a journeyman MiBe of Trog (Lair:3)
  2 great orbs of eyes
  A fire dragon (Lair:5)
  Josephine (D:10)
  A spectral fenstrider witch (Swamp:2)
  22 hydras
  Harold (D:9)
  A boulder beetle (D:14)
  13 anacondas
  7 salamander tyrants (Snake:4)
  2 ghost crabs
  3 catoblepae
  5 ice dragons (IceCv)
  6 two-headed ogres
  15 naga warriors
  6 alligators
  7 centaur warriors
  3 death yaks (Lair:5)
  2 orc high priests (Orc:2)
  A thrashing horror (Swamp:4)
  13 naga sharpshooters
  4 shock serpents
  Nergalle (D:10)
  6 spriggans (Swamp:4)
  3 salamander mystics
  2 fire crabs (Lair:3)
  3 sea snakes (Snake:3)
  7 goliath frogs
  2 spriggan druids
  9 naga ritualists
  An orange crystal statue (IceCv)
  11 swamp dragons
  6 bog bodies
  A fenstrider witch simulacrum (Swamp:2)
  8 mana vipers
  A deep elf pyromancer (D:14)
  An obsidian statue (Snake:3)
  6 orc knights
  2 orc sorcerers
  4 lindwurms
  Pikel (D:7)
  12 ugly things
  5 spectral spriggans (Swamp:2)
  2 large abominations (Swamp:4)
  6 shining eyes
  3 cyclopes
  5 manticores
  4 will-o-the-wisps
  14 elephants
  11 salamanders
  6 guardian serpents
  42 black mambas
  2 moths of wrath (Lair:3)
  3 eyes of devastation
  19 naga magi
  6 torpor snails
  2 molten gargoyles (Gauntlet)
  9 storm dragon simulacra (IceCv)
  7 cane toads
  2 orange demons (Swamp:4)
  4 gargoyles
  5 rime drakes
  Psyche (D:10)
  6 kobold demonologists
  A tengu conjurer (D:13)
  3 freezing wraiths (Snake:1)
  8 golden dragon simulacra (IceCv)
  6 komodo dragons
  A queen bee (Gauntlet)
  8 trolls
  6 meliai
  2 polar bears (Lair:4)
  8 tyrant leeches
  Prince Ribbit (D:6)
  7 hornets
  8 dream sheep
  20 blink frogs
  75 slime creatures
  A wyvern (shapeshifter) (D:13)
  4 shadows
  31 yaks
  6 wyverns
  A ynoxinul (Gauntlet)
  9 basilisks
  6 wraiths
  A fire bat (shapeshifter) (D:13)
  3 steam dragons (Lair:5)
  4 golden eyes (Slime:5)
  3 vampire mosquitoes (D:10)
  38 nagas
  17 swamp worms
  6 wargs (Orc:2)
  3 acid dragons
  20 water moccasins
  46 orc warriors
  7 swamp drakes
  2 spriggan simulacra (Swamp:2)
  An ice dragon simulacrum (IceCv)
  3 black bears
  3 ogres
  3 boggarts (D:13)
  25 wolves
  19 centaurs
  3 phantoms
  3 lemures (D:7)
  29 kobold brigands
  A necrophage (D:4)
  12 bullfrogs
  3 scorpions
  20 wights
  3 lindwurm simulacra (IceCv)
  9 killer bees
  2 howler monkeys
  6 electric eels
  9 hounds
  3 jellies
  19 orc priests
  3 iguanas (Lair:5)
  2 iron imps (Gauntlet)
  Natasha (D:3)
  29 orc wizards
  5 adders
  2 shadow imps
  4 white imps
  3 worms
  105 orcs
  4 endoplasms
  4 giant cockroaches
  8 goblins
  7 hobgoblins
  3 quokkas
  4 ball pythons
  A bat (D:1)
  2 frilled lizards (D:1)
  24 kobolds
  5 rats
  A butterfly (D:7)
1192 creatures vanquished.

Vanquished Creatures (others)
  An alligator (Swamp:2)
  A shadow wraith (D:13)
  An ugly thing (Swamp:4)
  3 bloated husks
  A kobold (D:12)
  12 foxfires
  29 fungi
  48 plants
96 creatures vanquished.

Grand Total: 1288 creatures vanquished

Notes
Turn   | Place    | Note
-------+----------+-------------------------------------------
     0 | D:1      | solar the Gargoyle Fighter began the quest for the Orb.
     0 | D:1      | Reached XP level 1. HP: 14/14 MP: 1/1
   406 | D:1      | Reached XP level 2. HP: 19/19 MP: 2/2
   839 | D:1      | Reached XP level 3. HP: 23/24 MP: 3/3
  1204 | D:2      | Found a broken altar of Ashenzari.
  1467 | D:2      | Found a faded altar of an unknown god.
  2123 | D:3      | Found a radiant altar of Vehumet.
  2123 | D:3      | Noticed a charred statue
  2294 | D:3      | Found Goiryph's Antique Armour Shoppe.
  2329 | D:3      | Reached XP level 4. HP: 30/30 MP: 4/4
  2450 | D:3      | Found an ornate altar of the Wu Jian Council.
  2463 | D:3      | Noticed Natasha
  2465 | D:3      | Killed Natasha
  2888 | D:4      | Noticed a black bear
  2900 | D:4      | Killed a black bear
  2901 | D:4      | Reached skill level 5 in Fighting
  2901 | D:4      | Reached XP level 5. HP: 17/35 MP: 5/5
  2905 | D:4      | Noticed a phantom
  2922 | D:4      | Reached XP level 6. HP: 21/41 MP: 6/6
  3281 | D:4      | Found a hide-covered altar of Uskayaw.
  3480 | D:4      | Reached XP level 7. HP: 38/47 MP: 7/7
  4004 | D:5      | Entered Level 5 of the Dungeon
  4004 | D:5      | Found a staircase to the Ecumenical Temple.
  4012 | Temple   | Entered the Ecumenical Temple
  4031 | Temple   | Became a worshipper of Warmaster Okawaru
  4099 | D:5      | Reached skill level 5 in Axes
  4865 | D:6      | Reached XP level 8. HP: 27/53 MP: 8/8
  4872 | D:6      | Reached * piety under Okawaru
  5123 | D:6      | Found a shimmering blue altar of Sif Muna.
  5162 | D:6      | Noticed Prince Ribbit
  5193 | D:6      | Killed Prince Ribbit
  5292 | D:6      | Found a glowing golden altar of the Shining One.
  6289 | D:7      | Noticed Pikel
  6339 | D:7      | Found a flagged portal.
  6374 | D:7      | Killed Pikel
  6374 | D:7      | Reached ** piety under Okawaru
  6375 | D:7      | Reached XP level 9. HP: 31/60 MP: 9/9
  6432 | Bailey   | Entered a bailey
  6864 | Bailey   | Reached *** piety under Okawaru
  7063 | Bailey   | Identified the ring "Siqatzes" {Fly rF+}
  7066 | Bailey   | Found the +3 warlock's mirror {reflect}
  7066 | Bailey   | Noticed an orc knight
  7066 | Bailey   | Noticed an orc knight
  7181 | Bailey   | Reached skill level 10 in Fighting
  7181 | Bailey   | Reached skill level 10 in Axes
  7181 | Bailey   | Reached skill level 5 in Armour
  7181 | Bailey   | Reached skill level 5 in Invocations
  7181 | Bailey   | Reached XP level 10. HP: 25/68 MP: 9/13
  8160 | D:7      | Found a shimmering altar of Xom.
  9072 | D:8      | Found a staircase to the Lair.
  9081 | D:8      | Found Ymumips's Armour Shop.
  9081 | D:8      | Noticed a two-headed ogre
  9092 | D:8      | Killed a two-headed ogre
  9693 | D:8      | Found a shadowy altar of Dithmenos.
  9788 | D:9      | Reached XP level 11. HP: 13/73 MP: 15/15
 10067 | D:9      | Noticed Harold
 10100 | D:9      | Killed Harold
 10100 | D:9      | Reached **** piety under Okawaru
 10163 | D:9      | Found an opulent altar of Gozag.
 10416 | D:9      | Reached skill level 6 in Invocations
 11224 | D:10     | Entered Level 10 of the Dungeon
 11312 | D:10     | Reached ***** piety under Okawaru
 11319 | D:10     | Reached skill level 5 in Evocations
 11455 | D:10     | Noticed Psyche
 11465 | D:10     | Killed Psyche
 11480 | D:10     | Noticed a two-headed ogre
 11817 | D:10     | Killed a two-headed ogre
 11961 | D:10     | Noticed Josephine
 11969 | D:10     | Noticed Nergalle
 11976 | D:10     | Killed Josephine
 11976 | D:10     | Received a gift from Okawaru
 11978 | D:10     | Found a sparkling altar of Nemelex Xobeh.
 12306 | D:10     | Found a staircase to the Orcish Mines.
 12420 | D:10     | Reached skill level 7 in Invocations
 12420 | D:10     | Reached XP level 12. HP: 80/80 MP: 17/17
 12460 | D:10     | Found a glowing silver altar of Zin.
 12692 | D:10     | Killed Nergalle
 13068 | D:11     | Noticed a centaur warrior
 13074 | D:11     | Killed a centaur warrior
 13227 | D:11     | Found Vufryesk's Magic Scroll Shoppe.
 13355 | D:11     | Identified the +1 pair of boots of the Tormentor {rElec
                  | Str+8}
 13444 | D:11     | Gained mutation: You have an increased reservoir of magic.
                  | (+10% MP) [potion of mutation]
 13444 | D:11     | Gained mutation: You are robust. (+10% HP) [potion of
                  | mutation]
 14047 | D:12     | Found an ornate altar of the Wu Jian Council.
 14323 | D:12     | Noticed a two-headed ogre
 14326 | D:12     | Noticed a two-headed ogre
 14330 | D:12     | Killed a two-headed ogre
 14335 | D:12     | Killed a two-headed ogre
 14335 | D:12     | Received a gift from Okawaru
 14631 | D:12     | Identified the +9 battleaxe of the Freezing Sybil {vorpal,
                  | rF+ Dex+4} (Okawaru gifted it to you on level 12 of the
                  | Dungeon)
 14631 | D:12     | Received a gift from Okawaru
 14649 | D:12     | Noticed a two-headed ogre
 14654 | D:12     | Killed a two-headed ogre
 14693 | D:12     | Reached skill level 8 in Invocations
 14859 | D:13     | Noticed a four-headed hydra
 14869 | D:12     | Killed an eight-headed hydra
 14870 | D:12     | Reached skill level 5 in Shields
 15109 | D:13     | Reached XP level 13. HP: 80/94 MP: 21/21
 15243 | D:13     | Noticed a fire dragon
 15497 | D:13     | Found a gate to the Vaults.
 15838 | D:13     | Found a stormy altar of Qazlal.
 16174 | D:14     | Reached ****** piety under Okawaru
 16655 | D:14     | Received a gift from Okawaru
 16809 | D:14     | Identified the +2 scale mail "Fequn" {Dex+3}
 16918 | D:14     | Reached skill level 9 in Invocations
 17864 | Lair:1   | Entered Level 1 of the Lair of Beasts
 17952 | Lair:1   | Found a gate leading to a gauntlet.
 17961 | Gauntlet | Entered a Gauntlet
 17961 | Gauntlet | Found a transporter.
 17961 | Gauntlet | Found a transporter.
 17961 | Gauntlet | Found a transporter.
 17962 | Gauntlet | Found a transporter.
 17963 | Gauntlet | Found a transporter.
 17967 | Gauntlet | Found a transporter.
 17972 | Gauntlet | Found a transporter.
 17976 | Gauntlet | Found a transporter.
 17977 | Gauntlet | Found a transporter.
 17979 | Gauntlet | Found a transporter.
 17985 | Gauntlet | Found a transporter.
 17985 | Gauntlet | Found a transporter.
 18238 | Gauntlet | Identified a scroll of acquirement
 18238 | Gauntlet | Acquired a manual of Invocations
 18256 | Gauntlet | Gained mutation: Your large and strong wings let you fly.
                  | [Gargoyle growth]
 18256 | Gauntlet | Reached XP level 14. HP: 93/101 MP: 16/23
 18288 | Gauntlet | Identified the ring of Iggan {Will+ MP+9 Str+6}
 18293 | Gauntlet | Identified the +8 lajatang "Faotiu" {vorpal, Fly Will+}
 18319 | Gauntlet | Identified the +5 broad axe "Orb Guardian's Death" {freeze,
                  | rF+}
 18338 | Gauntlet | Identified the +6 quarterstaff of Abuin {vorpal, Str+4
                  | Dex+3}
 18672 | Lair:1   | Noticed Gastronok
 18686 | Lair:1   | Killed Gastronok
 19277 | Lair:2   | Reached skill level 10 in Armour
 19400 | Lair:2   | Received a gift from Okawaru
 19409 | Lair:2   | Found a staircase to the Snake Pit.
 19451 | Lair:2   | Reached skill level 10 in Invocations
 19455 | Lair:2   | Received a gift from Okawaru
 19703 | Lair:2   | Identified the +1 scale mail "Baegiok" {rElec Regen+}
                  | (Okawaru gifted it to you on level 2 of the Lair of Beasts)
 19703 | Lair:2   | Received a gift from Okawaru
 19837 | Lair:2   | Found a staircase to the Swamp.
 20179 | Lair:3   | Found a transporter.
 20322 | Lair:3   | Noticed a dire elephant
 20335 | Lair:3   | Killed a dire elephant
 20632 | Lair:3   | Reached skill level 11 in Invocations
 20780 | Lair:3   | Noticed Jirphamp's ghost (journeyman MiBe)
 21281 | Lair:3   | Found a transporter.
 21568 | Lair:3   | Killed Jirphamp's ghost
 21652 | Lair:4   | Reached XP level 15. HP: 105/108 MP: 26/26
 21685 | Lair:4   | You are sucked into a shaft and drop 1 floor!
 21685 | Lair:5   | Entered Level 5 of the Lair of Beasts
 21689 | Lair:5   | Identified the +3 buckler of the Everdark {Rampage rPois}
                  | (Okawaru gifted it to you on level 5 of the Lair of Beasts)
 21689 | Lair:5   | Received a gift from Okawaru
 21805 | Lair:4   | Reached skill level 12 in Invocations
 23562 | Lair:5   | Acquired a +3 executioner's axe of electrocution
 23726 | Lair:5   | Identified the +1 chain mail of the Tarantula {rF+ Regen+}
                  | (Okawaru gifted it to you on level 5 of the Lair of Beasts)
 23726 | Lair:5   | Received a gift from Okawaru
 23797 | Lair:5   | Found a staircase to the Slime Pits.
 23806 | Lair:5   | Found a viscous altar of Jiyva.
 23844 | Lair:5   | Reached skill level 15 in Axes
 23844 | Lair:5   | Reached skill level 13 in Invocations
 24730 | Orc:1    | Entered Level 1 of the Orcish Mines
 24934 | Orc:2    | Entered Level 2 of the Orcish Mines
 24973 | Orc:2    | Found Hiniggunn's General Store.
 24988 | Orc:2    | Reached XP level 16. HP: 98/116 MP: 28/28
 25386 | Orc:2    | Reached skill level 10 in Shields
 25772 | Orc:2    | Found Qosaithi's Antique Weapon Shop.
 25812 | Orc:2    | Found Seutad's Antique Armour Boutique.
 26113 | Orc:2    | Found Iliakhlu's Book Shoppe.
 26251 | Orc:2    | Found a staircase to the Elven Halls.
 26775 | Orc:1    | Found Ucraoc's Magic Scroll Boutique.
 26957 | D:8      | Bought the +6 pearl dragon scales "Zionamos" {Contam
                  | *Corrode rF+ rN+ Str+8 Int+9} for 1851 gold pieces
 27062 | Snake:1  | Entered Level 1 of the Snake Pit
 27082 | Snake:1  | Found a frozen archway.
 27102 | IceCv    | Entered an ice cave
 27109 | IceCv    | Reached skill level 14 in Invocations
 27619 | IceCv    | Reached skill level 10 in Evocations
 27668 | IceCv    | Learned a level 3 spell: Ozocubu's Armour
 27670 | IceCv    | Learned a level 1 spell: Beastly Appendage
 27673 | IceCv    | Learned a level 2 spell: Wereblood
 28123 | IceCv    | Noticed a golden dragon
 28136 | IceCv    | Killed a golden dragon
 28137 | IceCv    | Reached skill level 1 in Ice Magic
 28145 | IceCv    | Reached skill level 1 in Transmutations
 28211 | IceCv    | Identified the amulet of Attitude {Regen+ Str+7 Int-4
                  | Dex+5}
 28233 | IceCv    | Identified the ring of Ymeqoh {rC+ MP+9 AC+4 Dex+4}
 28382 | Snake:1  | Noticed Agnes
 28386 | Snake:1  | Killed Agnes
 28386 | Snake:1  | Identified the +9 eveningstar of Woe {drain, rF+} (Okawaru
                  | gifted it to you on level 1 of the Snake Pit)
 28386 | Snake:1  | Received a gift from Okawaru
 28779 | Snake:1  | Noticed Louise
 28791 | Snake:1  | Killed Louise
 29223 | Snake:2  | Found Xoidoi Osoe's Antique Weapon Shoppe.
 29228 | Snake:2  | Found Qiqykh's Jewellery Emporium.
 29373 | Snake:2  | Identified the +9 crystal plate armour "Xuadow" {rCorr
                  | Str+6} (Okawaru gifted it to you on level 2 of the Snake
                  | Pit)
 29373 | Snake:2  | Received a gift from Okawaru
 29499 | Snake:2  | Reached XP level 17. HP: 123/123 MP: 30/30
 29708 | Snake:2  | Reached skill level 15 in Fighting
 30002 | Snake:3  | Reached skill level 15 in Invocations
 30025 | Snake:3  | Found a transporter.
 30050 | Snake:3  | Identified the ring "Emuasteoso" {rC+ Will+}
 30105 | Snake:3  | Found Veiklull's Antique Weapon Shoppe.
 30676 | Snake:3  | Identified the +6 halberd "Zeganom" {venom, *Slow Fly Int+8
                  | SInv}
 30760 | Snake:3  | Found a transporter.
 31036 | Snake:3  | Reached skill level 5 in Ice Magic
 31085 | Snake:4  | Entered Level 4 of the Snake Pit
 31165 | Snake:4  | Noticed Roxanne
 31191 | Snake:4  | Killed Roxanne
 31191 | Snake:4  | Identified the +2 morningstar of Yfrem {vorpal, *Corrode
                  | rPois Int+8} (Okawaru gifted it to you on level 4 of the
                  | Snake Pit)
 31191 | Snake:4  | Received a gift from Okawaru
 31699 | Snake:4  | Reached skill level 5 in Transmutations
 31714 | Snake:4  | Received a gift from Okawaru
 31714 | Snake:4  | Found the +3 pair of gauntlets of War {Slay+5}
 31810 | Snake:4  | Reached XP level 18. HP: 81/130 MP: 32/32
 32405 | Snake:4  | Reached skill level 16 in Invocations
 32530 | Snake:4  | Got a serpentine rune of Zot
 33115 | Swamp:1  | Entered Level 1 of the Swamp
 33170 | Swamp:1  | Identified the +2 scale mail "Hiphimn" {rN+ Int-3 Slay+2
                  | Stlth+} (Okawaru gifted it to you on level 1 of the Swamp)
 33170 | Swamp:1  | Received a gift from Okawaru
 33219 | Swamp:1  | Reached skill level 1 in Earth Magic
 33229 | Swamp:1  | Reached skill level 1 in Conjurations
 33349 | Swamp:1  | Identified the +1 leather armour of the Monkey {+Blink
                  | Str-2 Int+4 Dex+7}
 33637 | Swamp:2  | Reached skill level 1 in Spellcasting
 33892 | Swamp:2  | Found a runed translucent gate.
 33893 | Swamp:2  | Found a runed translucent gate.
 33894 | Swamp:2  | Found a runed translucent gate.
 33901 | Swamp:2  | Noticed Voland's ghost (journeyman TeAE)
 33925 | Swamp:2  | Killed Voland's ghost
 33934 | Swamp:2  | Identified the +11 bardiche "Itzabb" {drain, rF- Dex+6}
 34209 | Swamp:3  | Noticed Aizul
 34219 | Swamp:3  | Reached skill level 1 in Staves
 34220 | Swamp:3  | Killed Aizul
 34221 | Swamp:3  | Noticed a tentacled monstrosity
 34234 | Swamp:3  | Killed a tentacled monstrosity
 34240 | Swamp:3  | Noticed Donald
 34247 | Swamp:3  | Reached XP level 19. HP: 104/137 MP: 34/34
 34252 | Swamp:3  | Killed Donald
 34665 | Swamp:4  | Entered Level 4 of the Swamp
 34710 | Swamp:4  | Identified the +6 broad axe "Ytovemuh" {holy, +Blink rPois
                  | rCorr Stlth-} (Okawaru gifted it to you on level 4 of the
                  | Swamp)
 34710 | Swamp:4  | Received a gift from Okawaru
 34837 | Swamp:4  | Acquired the +8 Wrath of Trog {antimagic, *Rage Rampage}
 34837 | Swamp:4  | Found the +8 Wrath of Trog {antimagic, *Rage Rampage}
 34883 | Swamp:4  | Noticed Mara
 34908 | Swamp:4  | Noticed solar's illusion
 34909 | Swamp:4  | Killed Mara
 34951 | Swamp:4  | Received a gift from Okawaru
 34994 | Swamp:4  | Reached skill level 17 in Invocations
 35039 | Swamp:4  | Noticed a tentacled monstrosity
 35049 | Swamp:4  | Killed a tentacled monstrosity
 35156 | Swamp:4  | Got a decaying rune of Zot
 35814 | Slime:1  | Entered Level 1 of the Pits of Slime
 36119 | Slime:1  | Reached skill level 1 in Translocations
 36119 | Slime:1  | Gained mutation: You are dopey. (Int -2) [a shining eye]
 36154 | Slime:2  | Received a gift from Okawaru
 36423 | Slime:1  | Reached skill level 5 in Staves
 36582 | Slime:1  | Reached skill level 5 in Earth Magic
 36905 | Slime:2  | Gained mutation: Your spells are a little easier to cast,
                  | but a little less powerful. [a shining eye]
 37253 | Slime:3  | Gained mutation: You occasionally shout uncontrollably at
                  | your foes. [a shining eye]
 37492 | Slime:4  | Noticed Dissolution
 37507 | Slime:4  | Killed Dissolution
 37508 | Slime:4  | Reached XP level 20. HP: 96/145 MP: 35/35
 37775 | Slime:4  | Gained mutation: You are very dopey. (Int -4) [a shining
                  | eye]
 38370 | Slime:5  | Entered Level 5 of the Pits of Slime
 38391 | Slime:5  | Received a gift from Okawaru
 38460 | Slime:5  | Reached skill level 5 in Conjurations
 38867 | Slime:5  | Noticed the Royal Jelly
 38921 | Slime:4  | HP: 7/145 [slime creature (8)]
 38923 | Slime:4  | Slain by a very large slime creature

Illustrated notes

Levels and vault maps discovered:
D:1:      minmay_arrival_four_houses, layout_basic
D:2:      layout_loops_cross, basic_altar,
          hellmonk_ecumenical_altar_leap_of_faith, minmay_misc_feat_alley,
          nicolae_hexahallways
D:3:      layout_loops_ring, vehumet_statue,
          mainiacjoe_overflow_surrounded_room, serial_shops, shop, uniq_natasha
D:4:      layout_cave_pods, minmay_ruined_shrine
D:5:      layout_basic, minmay_temple_entry_drinking_statues
D:6:      layout_rooms, general_overflow_altar, tso_oasis_becter,
          solitary_fountain, uniq_prince_ribbit1
D:7:      layout_basic, xom_butterflies, enter_bailey_6, uniq_pikel
D:8:      layout_loops_ring, grunt_dithmenos_shadows, lair_entry_dummy,
          serial_shops, kennysheep_little_box, kennysheep_pointless_box
D:9:      layout_basic, grunt_gozag_breadcrumbs, uniq_harold
D:10:     layout_roguey [special_room_kobold], kennysheep_mini,
          mainiacjoe_overflow_concentric_impassable,
          minmay_orc_entry_temple_large, uniq_josephine, uniq_nergalle,
          uniq_psyche
D:11:     layout_basic, serial_shops, shop, minmay_unpleasant_kobolds
D:12:     layout_cave_pools, pdpol_wu_jian_five_deadly_venoms
D:13:     layout_big_octagon, david_vaults_4, nicolae_qazlal_eye_of_the_storm
D:14:     layout_roguey, serial_bayou_shore_b
Temple:   compressed_dpeg_triangle_lava_temple
Lair:1:   beast_lair_carwin_large_4, layout_regular_city,
          gauntlet_entry_generic, uniq_gastronok
Lair:2:   layout_roguey, minmay_swamp_entry_worms,
          minmay_snake_entry_six_corridors, serial_bayou_shore_b
Lair:3:   layout_chaotic_city, gammafunk_ghost_berserking_beasts,
          nicolae_lair_lakeside_cave
Lair:4:   layout_small_grid, dreamdust_mushroom_princess, serial_bayou_pond_b
Lair:5:   guppyfry_lair_end_dragon, layout_cave_pods, hangedman_lair_in_review,
          minmay_slime_entry_pillars, infiniplex_staircase_pool
Swamp:1:  layout_basic_swamp, evilmike_swamp_ruin_house_3
Swamp:2:  layout_falls_marsh, gammafunk_ghost_necromancy,
          hangedman_swamp_ruin_wall, st_swamp_mini, infiniplex_staircase_pool_2
Swamp:3:  layout_basic_swamp, evilmike_swamp_ruin_house_1, uniq_aizul,
          uniq_donald
Swamp:4:  swamp_vile, layout_basic_swamp, swamp_pool5, uniq_mara
Snake:1:  layout_rooms, special_room, portal_ice_cave_entry_frozen_things,
          serial_corexii_hall, corexii_hall_statues_x, corexii_hall_statues_x,
          chequers_hall_statues_corner_a, chequers_hall_statues_y, uniq_agnes,
          uniq_louise
Snake:2:  layout_grid_maze, lemuel_fruit_tree, grunt_megastairs_5,
          minmay_shoptagon
Snake:3:  gammafunk_sealed_arena, layout_basic, serial_shops,
          nicolae_shop_temple_entry_statues_fountains, serial_bayou_shore_a
Snake:4:  grunt_snake_rune_spirals, layout_concentric_octagons, st_stairs_6,
          uniq_roxanne
Slime:1:  layout_caves
Slime:2:  layout_caves
Slime:3:  layout_caves, nicolae_slime_phagocytosis
Slime:4:  cheibrodos_slime_lost_civilization_10, layout_caves,
          dissolution_awaits
Slime:5
Orc:1:    layout_caves, serial_shops, nicolae_shop_trees
Orc:2:    grunt_orc_gardens, layout_caves, grunt_orc_garden, grunt_orc_garden,
          grunt_orc_garden, grunt_orc_garden

Skill      XL: |  1  2  3  4  5  6  7  8  9 10 11 12 13 14 15 16 17 18 19 20 |
---------------+-------------------------------------------------------------+-----
Axes           | 2 3 4 6 8 10 11 12 13 14 15 16 | 16.4
Fighting       | 4 5 6 7 8 10 11 12 13 14 15 16 | 16.4
Armour         | 5 6 7 8 9 10 11 12 13 14 | 14.5
Invocations    | 5 7 8 9 11 13 14 15 16 17 | 17.0
Evocations     | 3 4 5 6 7 8 9 10 11 12 | 12.0
Shields        | 5 6 8 9 10 11 12 | 12.9
Ice Magic      | 3 6 7 |  7.3
Transmutations | 2 5 6 7 |  7.4
Earth Magic    | 3 5 6 |  6.0
Conjurations   | 2 4 5 |  5.2
Spellcasting   | 2 3 4 |  4.3
Staves         | 1 5 6 |  6.5
Translocations | 2 |  2.9

Action                   |  1- 3 |  4- 6 |  7- 9 | 10-12 | 13-15 | 16-18 | 19-21 || total
-------------------------+-------+-------+-------+-------+-------+-------+-------++-------
Melee: War axe           |   110 |    79 |    91 |   251 |       |       |       ||   531
       Spear             |       |       |   165 |       |       |       |       ||   165
       Hand axe          |       |       |       |   214 |       |       |       ||   214
       Broad axe         |       |       |       |   122 |   609 |  1085 |   419 ||  2235
       Battleaxe         |       |       |       |    18 |   207 |       |       ||   225
       Flail             |       |       |       |       |    37 |       |       ||    37
       Kick              |       |       |       |       |       |     4 |       ||     4
       Headbutt          |       |       |       |       |       |     2 |       ||     2
       Eveningstar       |       |       |       |       |       |    40 |    50 ||    90
Throw: Boomerang         |       |       |       |       |       |       |     1 ||     1
 Cast: Ozocubu's Armour  |       |       |       |       |       |     3 |     1 ||     4
       Wereblood         |       |       |       |       |       |     3 |     1 ||     4
       Beastly Appendage |       |       |       |       |       |     1 |       ||     1
Invok: Heroism           |       |       |     1 |    10 |     9 |    12 |     7 ||    39
       Finesse           |       |       |       |     4 |     9 |     7 |     4 ||    24
 Abil: Evoke Blink       |       |       |       |       |       |       |     1 ||     1
Evoke: Wand              |       |       |       |     6 |     2 |       |     3 ||    11
       Piece from Xom's  |       |       |       |     4 |       |       |       ||     4
       Lightning rod     |       |       |       |       |     1 |     1 |       ||     2
       Tin of tremorston |       |       |       |       |     1 |       |     2 ||     3
       Condenser vane    |       |       |       |       |       |     1 |       ||     1
  Use: Potion            |       |     1 |     6 |     4 |     2 |     1 |    12 ||    26
       Scroll            |       |       |    14 |     5 |     9 |     2 |     4 ||    34
 Stab: Petrifying        |       |       |       |       |     1 |       |       ||     1
Armor: Scale mail        |    57 |    57 |   121 |   135 |       |       |       ||   370
       Skin              |       |       |     6 |       |       |       |       ||     6
       Troll leather arm |       |       |       |    28 |       |       |       ||    28
       Plate armour      |       |       |       |   114 |   686 |    67 |       ||   867
       Pearl dragon scal |       |       |       |       |       |   545 |   457 ||  1002
Dodge: Dodged            |    52 |    21 |   103 |   228 |   321 |   337 |   202 ||  1264
Block: Buckler           |    26 |    15 |    42 |   173 |   484 |   600 |   238 ||  1578
       Reflection        |       |       |       |    21 |    10 |    87 |    12 ||   130
